AoeStats
← KDA HDT

Lombardia

508860020Analyzed
4v4 RM · 9d ago on Sep 24, 2026· 26m 32s· 8 players
Game mode
Random Map
Map size
Large (8 player)
Population
200
Speed
Normal
Resources
Standard
Victory
Conquest
Starting age
Dark Age
Ending age
Imperial Age
RankedLock teamsTeams togetherTeam positionsShared explorationLock speedFull tech treeHidden civsTurbo modeCheats
Victory
Defeat
🇭🇰 Khitans · Hong Kong SAR China
1802
+13
🇩🇪 Armenians · Germany
1767
+14
🇩🇪 Bulgarians · Germany
1724
+16
🇪🇸 Malay · Spain
1653
+19
🇻🇳 Teutons · Vietnam
1775
-18
🇨🇳 Burmese · China
1760
-17
🇦🇷 Bohemians · Argentina
1716
-15
🇨🇳 Chinese · China
1641
-12
_Ares_大锤
10:30 Feudal Age
14:32 Castle Age
12:57 Double-Bit Axe
13:24 Horse Collar
19:48 Loom
25:04 Wheelbarrow
25:31 Bow Saw
KDA HDT
6:19 Loom
8:45 Feudal Age
16:28 Wheelbarrow
16:30 Forging
17:30 Scale Barding Armor
22:53 Castle Age
21:49 Bloodlines
22:22 Horse Collar
ARKINE
13:15 Feudal Age
13:19 Man-at-Arms
15:03 Loom
22:38 Castle Age
20:36 Horse Collar
22:58 Stone Mining
24:57 Long Swordsman
25:55 Heavy Plow
26:27 Forging
枕上鸳鸯睡红莲
0:27 Loom
9:20 Feudal Age
9:50 Double-Bit Axe
9:59 Horse Collar
12:49 Wheelbarrow
19:26 Castle Age
18:04 Forging
18:25 Bloodlines
19:12 Scale Barding Armor
18:57 Fletching
19:32 Light Cavalry
20:13 Husbandry
23:10 Bow Saw
AutoClickerv3
9:40 Feudal Age
9:24 Double-Bit Axe
13:20 Horse Collar
14:35 Fletching
16:02 Loom
21:51 Castle Age
21:01 Crossbowman
21:47 Thumb Ring
21:55 Bodkin Arrow
24:28 Ballistics
25:02 Wheelbarrow
26:34 Hand Cart
Cengo
4:20 Loom
13:01 Feudal Age
13:04 Man-at-Arms
13:35 Double-Bit Axe
14:05 Long Swordsman
14:56 Arson
22:57 Castle Age
22:09 Forging
22:20 Scale Mail Armor
24:43 Horse Collar
25:13 Bow Saw
25:09 Squires
T
8:47 Feudal Age
9:29 Double-Bit Axe
9:56 Domestication
13:34 Forging
17:42 Scale Barding Armor
17:36 Loom
20:03 Wheelbarrow
19:13 Town Watch
20:03 Wheelbarrow
22:59 Castle Age
23:10 Light Cavalry
23:51 Husbandry
24:26 Iron Casting
24:02 Bow Saw
24:13 Pastoralism
25:30 Chain Barding Armor
Hisoka69
10:29 Feudal Age
14:15 Castle Age
12:20 Horse Collar
13:24 Double-Bit Axe
16:07 Bow Saw
19:51 Gold Mining
20:44 Scale Barding Armor
20:49 Forging
21:25 Heavy Plow
21:11 Loom
22:25 Wheelbarrow
22:59 Chain Barding Armor
23:15 Bloodlines
23:39 Husbandry
24:16 Iron Casting
24:21 Fletching
26:25 Hand Cart
25:56 Town Watch
26:32 Fletching
Connection lost

Rejoining the realm…

Still unreachable

The connection could not be restored.

Session expired

The server has moved on; the page needs a fresh start.